 Dungeon Crawl Stone Soup version 0.17.0-24-gcfadda4 (webtiles) character file.

99278 EternalSandwich the Fencer (level 15, -5/117 HPs)
             Began as a Demonspawn Gladiator on Nov 15, 2015.
             Was the Champion of Okawaru.
             Slain by a water elemental (10 damage)
             ... on level 1 of the Shoals.
             The game lasted 03:04:24 (26195 turns).

EternalSandwich the Fencer (Demonspawn Gladiator)  Turns: 26195, Time: 03:04:24

Health: -5/117     AC: 21    Str: 23    XL:     15   Next: 77%
Magic:  21/21      EV: 15    Int: 13    God:    Okawaru [******]
Gold:   2885       SH:  0    Dex: 16    Spells: 1 memorised, 9 levels left

rFire  . . .     SeeInvis +     W - +7 triple sword "Nyaxtiho" {elec, MR+}
rCold  . . .     Clarity  .     l - +4 scale mail "Yseshrapn" {-Tele rElec Str+4 Int+3}
rNeg   . . .     SustAt   .     (shield currently unavailable)
rPois  +         Gourm    .     y - +0 mask of the Dragon {MR+ Slay+3 SInv}
rElec  +         Spirit   .     r - +2 cloak
rCorr  .         Warding  .     (gloves unavailable)
rMut   +         NoTele   +     A - +0 pair of boots
MR     ++++.                    L - amulet of resist mutation
Stlth  ..........               V - ring "Fatiech" {+Inv rPois MR+}
                                I - +4 ring of protection

@: engulfed (cannot breathe), studying Spellcasting, repel missiles, drained,
incredibly resistant to hostile enchantments, extremely unstealthy
A: claws 3, repulsion field 3, demonic guardian 1, powered by death 2
a: Heroism, Finesse, Renounce Religion, Evoke Invisibility


You were on level 1 of the Shoals.
You worshipped Okawaru.
Okawaru was exalted by your worship.
You were hungry.

You visited 4 branches of the dungeon, and saw 26 of its levels.
You also visited: Labyrinth, Ossuary, Bailey, Ice Cave and Volcano.

You collected 3597 gold pieces.
You spent 712 gold pieces at shops.

Inventory:

Hand Weapons
 M - the +7 great sword of Might {drain, +Rage +Inv rN+}
   (Okawaru gifted it to you on level 1 of the Lair of Beasts)

   A truly terrible weapon, it drains the life of those it strikes.
   It protects you from negative energy.
   It lets you turn invisible.
   It lets you go berserk.
 R - the +5 triple sword of Yfutz {freeze, Str+4}
   (Okawaru gifted it to you on level 6 of the Lair of Beasts)

   It has been specially enchanted to freeze those struck by it, causing extra
   injury to most foes and up to half again as much damage against particularly
   susceptible opponents.
   It can also slow down cold-blooded creatures.
   It affects your strength (+4).
 W - the +7 triple sword "Nyaxtiho" (weapon) {elec, MR+}
   (Okawaru gifted it to you on level 3 of the Lair of Beasts)

   Occasionally, upon striking a foe, it will discharge some electrical energy
   and cause terrible harm.
   It affects your resistance to hostile enchantments.
Missiles
 w - 5 exploding tomahawks
 P - 3 tomahawks of returning (quivered)
Armour
 l - the +4 scale mail "Yseshrapn" (worn) {-Tele rElec Str+4 Int+3}
   (You found it on level 2 of the Lair of Beasts)

   It affects your strength (+4).
   It affects your intelligence (+3).
   It insulates you from electricity.
   It prevents most forms of teleportation.
 r - a +2 cloak (worn)
 y - the +0 mask of the Dragon (worn) {MR+ Slay+3 SInv}
   (You found it on level 4 of the Dungeon)

   It affects your accuracy and damage with ranged weapons and melee attacks
   (+3).
   It affects your resistance to hostile enchantments.
   It lets you see invisible.
 A - a +0 pair of boots (worn)
 Y - a +2 fire dragon armour
Jewellery
 n - the ring "Lios" {*Contam rC++ MP+9 Dex+4}
   (You took it off a red devil on level 8 of the Lair of Beasts)

   [ring of magical power]

   It affects your dexterity (+4).
   It greatly protects you from cold.
   It affects your magic capacity (+9).
   It causes magical contamination when unequipped.
 I - a +4 ring of protection (left claw)
 L - an amulet of resist mutation (around neck)
 V - the ring "Fatiech" (right claw) {+Inv rPois MR+}
   (You bought it in a shop on level 4 of the Dungeon)

   [ring of protection from magic]

   It protects you from poison.
   It affects your resistance to hostile enchantments.
   It lets you turn invisible.
Wands
 g - a wand of paralysis (11)
 q - a wand of fire (1)
 N - a wand of cold (3)
 X - a wand of digging (1)
Scrolls
 a - a scroll of recharging
 h - 15 scrolls of teleportation
 j - 2 scrolls of identify
 x - a scroll of magic mapping
 F - 4 scrolls of blinking
 G - 7 scrolls of remove curse
 O - 4 scrolls of fog
 U - 4 scrolls of enchant weapon
Potions
 b - 12 potions of curing
 c - 2 potions of brilliance
 d - a potion of flight
 i - a potion of magic
 o - a potion of heal wounds
 p - 2 potions of haste
 s - 7 potions of might
 z - 2 potions of lignification
 B - 2 potions of agility
 C - 2 potions of invisibility
 Q - a potion of cure mutation
 T - 4 potions of resistance
Books
 D - a manual of Spellcasting
 S - a Grand Grimoire

   Spells                             Type                      Level
   a - Monstrous Menagerie            Summoning                    6
   b - Summon Greater Demon           Summoning                    7
   c - Malign Gateway                 Summoning/Translocation      7
   d - Summon Horrible Things         Summoning                    8
Miscellaneous
 u - a fan of gales
 Z - a plain deck of changes
Comestibles
 e - 12 bread rations
 f - 18 fruits
 m - a slice of pizza
 t - 10 royal jellies
 v - 4 beef jerkies
 K - 6 meat rations


   Skills:
 - Level 10.9 Fighting
 + Level 20.2 Long Blades
 - Level 1.7 Throwing
 - Level 8.6 Armour
 - Level 2.6 Dodging
 - Level 8.0 Invocations
 - Level 4.1 Evocations


You had 9 spell levels left.
You knew the following spells:

 Your Spells              Type           Power        Failure   Level  Hunger
a - Summon Demon          Summ           #.........   100%        5    ######.


Dungeon Overview and Level Annotations

Branches:
Dungeon (13/15)            Temple (0/1) D:6            Lair (8/8) D:8
 Shoals (1/4) Lair:6        Slime (0/6) Lair:7          Orc (4/4) D:9
    Elf (0/3) Orc:4        Vaults (0/5) D:13
  Snake: Lair:3-6    Spider: Lair:3-6

Altars:
Cheibriados
Elyvilon
Fedhas
Gozag
Kikubaaqudgha
Makhleb
Okawaru
Qazlal
Ru
Trog
Vehumet
Xom
Yredelemnul
Zin
The Shining One
Beogh
Jiyva

Shops:
D:4 [[=}   D:7 =   Orc:2 *   Orc:4 !(}[

Portals:
Hell: Lair:8

Annotations:
Lair:7 1 runed door


Innate Abilities, Weirdness & Mutations

You have claws for hands.
You are surrounded by a strong repulsion field (EV +4, rMsl).
A weak demonic guardian rushes to your aid.
You regenerate health from kills.


Message History

The water elemental hits you!
* * * LOW HITPOINT WARNING * * *
The water elemental hits you.
The merfolk impaler hits you but does no damage.
With effort, you pull free of the water engulfing you.
You gasp with relief as air once again reaches your lungs.
The merfolk aquamancer mumbles some strange words.
The merfolk aquamancer blinks!
The merfolk impaler barely misses you. The water elemental closely misses you.
The water elemental barely misses you. The water elemental hits you.
The water elemental engulfs you in water!
The merfolk hits you but does no damage.
The merfolk impaler hits you from afar with a trident.
* * * LOW HITPOINT WARNING * * *
You hit the water elemental.
The water elemental is lightly damaged.
* * * LOW HITPOINT WARNING * * *
Your lungs strain for air!
The water elemental hits you!
You die...

≈≈≈≈≈≈≈ ≈≈≈≈≈≈≈≈≈≈
≈≈≈≈≈≈≈≈. #
≈≈≈≈≈≈≈.! ..#.
≈≈≈≈≈≈... ≈≈..≈
≈≈≈≈≈≈..# .≈..≈≈
≈≈≈≈≈≈≈.####..≈≈≈≈
≈≈≈≈≈≈≈mHE@.≈≈≈≈≈≈
≈≈≈≈≈≈≈≈mEE≈≈≈....
≈≈≈≈≈≈≈≈≈≈m.≈..###
≈≈≈≈≈≈.≈<≈≈≈≈.##
..≈P≈≈≈≈≈≈≈≈≈..#
..≈..≈≈≈≈≈≈≈≈≈≈..
..≈≈.>≈≈≈≈≈≈..≈≈..
....≈≈..≈P....≈≈≈≈
...[.......###≈.


You could see a merfolk impaler, a merfolk aquamancer, a merfolk, a manticore
and 3 water elementals.

Vanquished Creatures
  Rupert (Lair:7)
  Frances (D:13)
  A fire giant (D:12)
  A stone giant (Orc:4)
  Nessos (D:13)
  A dire elephant (Lair:8)
  The ghost of gw the Cleaver, a journeyman DDFi of Makhleb (Lair:4)
  Snorg (Lair:6)
  Erolcha (Orc:4)
  A minotaur (Lab)
  Josephine (D:10)
  3 vault guards (D:13)
  6 hydras
  A hell beast (Lair:8)
  2 ogre magi (Orc:4)
  2 centaur warriors
  7 death yaks (Lair:8)
  An unseen horror (D:12)
  Pikel (D:7)
  A hill giant (D:12)
  8 orc sorcerers
  An orc knight (Orc:2)
  5 wizards
  A lindwurm (Lair:5)
  4 cyclopes
  2 oklob plants (Lair:7)
  A griffon (Lair:5)
  3 ugly things
  2 necromancers
  2 manticores (D:12)
  7 black mambas
  6 elephants
  3 ice statues (IceCv)
  11 spiny frogs
  Psyche (D:9)
  A torpor snail (Lair:8)
  A kobold demonologist (D:12)
  An efreet (D:13)
  3 orange demons (Lair:8)
  4 red devils (Lair:8)
  A hellwing (Lair:8)
  9 komodo dragons
  2 fire drakes
  A polar bear (Lair:5)
  3 trolls
  35 blink frogs
  10 blue devils
  A queen bee (D:9)
  3 two-headed ogres
  A boulder beetle (Lair:5)
  A water elemental (Shoals:1)
  A wyvern (Lair:7)
  65 yaks
  The ghost of gw the Chopper, an amateur MiFi of Nemelex Xobeh (D:4)
  A shadow (D:13)
  A steam dragon (D:11)
  5 wraiths
  2 deep elf magi
  4 basilisks
  3 fire bats (Lair:1)
  A mottled dragon (D:12)
  2 hungry ghosts
  17 humans (D:13)
  10 swamp worms (Lair:7)
  9 hippogriffs
  5 wolves (Lair:2)
  6 porcupines
  23 orc warriors
  2 black bears
  A slave (D:7)
  25 water moccasins
  4 boggarts (D:12)
  16 ice beasts
  An eye of draining (D:10)
  A wasp (D:12)
  A sky beast (D:7)
  A necrophage (D:10)
  14 ogres
  10 crocodiles
  A big kobold (D:7)
  2 brain worms
  12 centaurs
  2 elf zombies (Ossuary)
  13 giant frogs
  9 gnoll sergeants
  A wyvern zombie (D:7)
  3 scorpions
  A water moccasin skeleton (D:5)
  21 killer bees
  4 wights (D:7)
  3 crimson imps
  2 giant frog zombies
  7 hounds
  15 orc priests
  2 centaur zombies
  A lava snake (Lair:1)
  A giant frog skeleton (D:6)
  3 centaur skeletons
  6 gnoll shamans (Bailey)
  Ijyb (D:2)
  A human zombie (Ossuary)
  2 jellies (D:13)
  10 worker ants
  2 hell rats
  12 iguanas
  43 orc wizards
  3 big kobold zombies (Ossuary)
  38 sheep
  2 troll simulacra (IceCv)
  2 centaur simulacra (IceCv)
  2 hound zombies (Ossuary)
  3 mummies (Ossuary)
  2 worker ant zombies
  15 adders
  19 gnolls
  3 ogre simulacra (IceCv)
  59 river rats
  A shadow imp (D:7)
  3 naga simulacra (IceCv)
  An ooze (D:3)
  An adder skeleton (D:4)
  4 adder zombies
  10 worms
  5 giant geckos
  136 orcs
  A ball python (D:3)
  13 bats
  6 giant cockroaches
  A gnoll zombie (Ossuary)
  19 hobgoblins
  18 jackals
  13 kobolds
  6 quokkas
  A giant gecko skeleton (D:7)
  3 giant newts
  9 goblins
  2 goblin zombies (Ossuary)
  4 hobgoblin zombies (Ossuary)
  2 jackal zombies (Ossuary)
  4 kobold zombies (Ossuary)
  A quokka skeleton (D:9)
  6 quokka zombies
  16 rats
  4 rat zombies (Ossuary)
  3 fungi
  3 plants
1025 creatures vanquished.

Vanquished Creatures (collateral kills)
  An ugly thing (D:11)
  A blink frog (Lair:3)
  3 yaks
  A porcupine (Lair:7)
  A slave (D:7)
  An orc warrior (D:6)
  3 ogres
  A giant frog (D:7)
  A centaur skeleton (D:12)
  A sheep (Lair:1)
  An orc (Orc:4)
  A hobgoblin (D:3)
  A jackal (D:4)
  A giant gecko (D:6)
18 creatures vanquished.

Vanquished Creatures (others)
  A blink frog (Lair:5)
  A human (D:13)
  2 slaves (D:7)
  A wight (D:7)
  An orc wizard (Orc:4)
  A worker ant zombie (D:7)
  2 orcs (D:7)
  A bush (Lair:8)
  13 fungi
  7 plants
30 creatures vanquished.

Grand Total: 1073 creatures vanquished

Notes
Turn   | Place    | Note
--------------------------------------------------------------
     0 | D:1      | EternalSandwich the Demonspawn Gladiator began the quest for the Orb.
     0 | D:1      | Reached XP level 1. HP: 16/16 MP: 1/1
    48 | D:1      | Reached skill level 3 in Long Blades
    74 | D:1      | Gained mutation: A weak demonic guardian rushes to your aid. [demonic ancestry]
    74 | D:1      | Reached XP level 2. HP: 5/22 MP: 2/2
   648 | D:1      | Gained mutation: You have sharp fingernails. [demonic ancestry]
   648 | D:1      | Reached XP level 3. HP: 14/27 MP: 3/3
  1268 | D:1      | Reached skill level 4 in Long Blades
  1327 | D:1      | You fall through a shaft!
  1591 | D:2      | Noticed Ijyb
  1647 | D:2      | Killed Ijyb
  1647 | D:2      | Gained mutation: You regenerate a little health from kills. [demonic ancestry]
  1647 | D:2      | Reached XP level 4. HP: 30/33 MP: 4/4
  1685 | D:2      | Found a glowing golden altar of the Shining One.
  1945 | D:2      | Found an iron altar of Okawaru.
  1957 | D:2      | Became a worshipper of Warmaster Okawaru
  1979 | D:2      | Found a blossoming altar of Fedhas.
  2262 | D:3      | Found a sacrificial altar of Ru.
  2299 | D:3      | Reached skill level 5 in Long Blades
  2429 | D:3      | Gained mutation: You have very sharp fingernails. [demonic ancestry]
  2429 | D:3      | Reached XP level 5. HP: 38/38 MP: 5/5
  2728 | D:3      | Found a snail-covered altar of Cheibriados.
  3083 | D:4      | Noticed gw's ghost (amateur MiFi)
  3100 | D:4      | Killed gw's ghost
  3100 | D:4      | Reached skill level 6 in Long Blades
  3100 | D:4      | Gained mutation: You are surrounded by a mild repulsion field (EV +2). [demonic ancestry]
  3100 | D:4      | Reached XP level 6. HP: 35/44 MP: 6/6
  3110 | D:4      | Noticed an ogre
  3119 | D:4      | Killed an ogre
  3119 | D:4      | Reached * piety under Okawaru
  3177 | D:4      | Found Zeten's Antique Armour Shoppe.
  3189 | D:4      | Found Hyexisen's Armour Shoppe.
  3258 | D:4      | Found a glowing silver altar of Zin.
  3378 | D:4      | Noticed an ogre
  3385 | D:4      | Killed an ogre
  3385 | D:4      | Reached skill level 7 in Long Blades
  3449 | D:4      | Noticed an ogre
  3456 | D:4      | Killed an ogre
  3456 | D:4      | Reached XP level 7. HP: 50/50 MP: 7/7
  3537 | D:4      | Found Ohifeax's Jewellery Emporium.
  3636 | D:4      | Found Tuaptol's Gadget Boutique.
  3834 | D:5      | Entered Level 5 of the Dungeon
  3851 | D:5      | Reached ** piety under Okawaru
  3851 | D:5      | Reached skill level 8 in Long Blades
  3866 | D:5      | Got a translucent leather armour
  3877 | D:5      | Identified the +3 leather armour of Servitude {Dex+4} (You found it on level 5 of the Dungeon)
  4208 | D:5      | Found a stormy altar of Qazlal.
  4497 | D:6      | Found an ancient bone altar of Kikubaaqudgha.
  4553 | D:6      | Found an opulent altar of Gozag.
  4619 | D:6      | Reached skill level 9 in Long Blades
  4619 | D:6      | Reached XP level 8. HP: 39/56 MP: 8/8
  4705 | D:6      | Found a staircase to the Ecumenical Temple.
  4811 | D:6      | Reached *** piety under Okawaru
  4866 | D:6      | Got a twisted leather armour
  4886 | D:6      | Identified the cursed +0 leather armour of the Duchess {rPois MR+ Stlth+} (You found it on level 6 of the Dungeon)
  5131 | D:7      | Noticed Pikel
  5154 | D:7      | Killed Pikel
  5154 | D:7      | Reached skill level 10 in Long Blades
  5244 | D:7      | Found Zoine's Jewellery Shop.
  5267 | D:7      | Reached **** piety under Okawaru
  5300 | D:7      | Reached skill level 11 in Long Blades
  5300 | D:7      | Reached XP level 9. HP: 61/61 MP: 9/9
  5624 | D:7      | Found a glowing golden altar of the Shining One.
  5625 | D:7      | Found a shimmering altar of Xom.
  5626 | D:7      | Found an ancient bone altar of Kikubaaqudgha.
  5986 | D:8      | Found a white marble altar of Elyvilon.
  6009 | D:8      | Found a staircase to the Lair.
  6039 | D:8      | Reached skill level 12 in Long Blades
  6267 | D:8      | Reached ***** piety under Okawaru
  6281 | D:8      | Found a sand-covered staircase.
  6291 | Ossuary  | Entered an ossuary
  6535 | Ossuary  | Received a gift from Okawaru
  7004 | D:8      | Reached skill level 13 in Long Blades
  7017 | D:8      | Reached XP level 10. HP: 51/67 MP: 10/10
  7075 | Lair:1   | Entered Level 1 of the Lair of Beasts
  7578 | Lair:1   | Received a gift from Okawaru
  7578 | Lair:1   | Reached skill level 14 in Long Blades
  7584 | Lair:1   | Got a fine great sword {god gift}
  7725 | Lair:1   | Identified the +7 great sword of Might {drain, +Rage +Inv rN+} (Okawaru gifted it to you on level 1 of the Lair of Beasts)
  7745 | Lair:1   | Reached skill level 1 in Invocations
  8171 | Lair:2   | Reached skill level 5 in Invocations
  8293 | Lair:2   | Noticed a black mamba
  8309 | Lair:2   | Killed a black mamba
  8818 | D:4      | Bought the ring "Fatiech" {+Inv rPois MR+} for 518 gold pieces
  9103 | Lair:2   | Noticed a black mamba
  9112 | Lair:2   | Killed a black mamba
  9112 | Lair:2   | Gained mutation: You are surrounded by a moderate repulsion field (EV +3). [demonic ancestry]
  9112 | Lair:2   | Reached XP level 11. HP: 46/72 MP: 15/17
  9201 | Lair:2   | Reached skill level 1 in Evocations
  9224 | Lair:2   | Got a heavily runed scale mail
  9225 | Lair:2   | Identified the +4 scale mail "Yseshrapn" {-Tele rElec Str+4 Int+3} (You found it on level 2 of the Lair of Beasts)
  9318 | Lair:2   | Received a gift from Okawaru
 10161 | Lair:3   | Got a faintly glowing cloak
 10173 | Lair:3   | Identified the cursed +0 cloak of Dim Light {*Corrode rElec Dex+4 SInv} (You found it on level 3 of the Lair of Beasts)
 10198 | Lair:3   | Reached ****** piety under Okawaru
 10198 | Lair:3   | Reached skill level 5 in Fighting
 10205 | Lair:3   | Received a gift from Okawaru
 10208 | Lair:3   | Got an ancient triple sword {god gift}
 10209 | Lair:3   | Identified the +7 triple sword "Nyaxtiho" {elec, MR+} (Okawaru gifted it to you on level 3 of the Lair of Beasts)
 10214 | Lair:3   | Found a labyrinth entrance.
 10223 | Lab      | Entered a labyrinth
 10351 | Lab      | Noticed a minotaur
 10357 | Lab      | Killed a minotaur
 10557 | Lair:3   | Reached skill level 15 in Long Blades
 11030 | Lair:3   | Gained mutation: You are surrounded by a strong repulsion field (EV +4, rMsl). [demonic ancestry]
 11030 | Lair:3   | Reached XP level 12. HP: 73/86 MP: 18/18
 11312 | Lair:4   | Noticed gw's ghost (journeyman DDFi)
 11323 | Lair:4   | Killed gw's ghost
 11390 | Lair:4   | Received a gift from Okawaru
 11390 | Lair:4   | Reached skill level 16 in Long Blades
 11567 | Lair:4   | Found a frozen archway.
 11592 | IceCv    | Entered an ice cave
 12046 | IceCv    | Reached skill level 17 in Long Blades
 12165 | IceCv    | Got a scorched spear
 12196 | IceCv    | Identified the cursed +0 spear of Neurosis {venom, *Noise rF+ rC+ MP+9} (You found it in an ice cave)
 12236 | IceCv    | Learned a level 5 spell: Summon Demon
 12440 | Lair:4   | Received a gift from Okawaru
 12447 | Lair:4   | Got a pair of smoking gloves {god gift}
 12454 | Lair:4   | Identified the +2 pair of gloves of Bimiven {rN+} (Okawaru gifted it to you on level 4 of the Lair of Beasts)
 12838 | Lair:5   | Got a pair of faintly humming gloves
 12849 | Lair:5   | Identified the +1 pair of gloves of the Salmon {rPois rC+} (You found it on level 5 of the Lair of Beasts)
 13115 | Lair:5   | Reached XP level 13. HP: 91/91 MP: 19/19
 13136 | Lair:5   | Noticed a six-headed hydra
 13160 | Lair:5   | Killed a seven-headed hydra
 13652 | Lair:6   | Reached skill level 1 in Armour
 13692 | Lair:6   | Noticed Snorg
 13702 | Lair:6   | Killed Snorg
 13838 | Lair:6   | Found a staircase to the Shoals.
 13889 | Lair:6   | Received a gift from Okawaru
 13898 | Lair:6   | Got a bloodstained triple sword {god gift}
 13899 | Lair:6   | Identified the +5 triple sword of Yfutz {freeze, Str+4} (Okawaru gifted it to you on level 6 of the Lair of Beasts)
 14223 | Lair:7   | Noticed Rupert
 14241 | Lair:7   | Killed Rupert
 14427 | Lair:7   | Found a dark tunnel.
 14446 | Volcano  | Entered a volcano
 14685 | Lair:7   | Reached skill level 5 in Armour
 14873 | Lair:7   | Found a runed door.
 14873 | Lair:7   | Found a viscous altar of Jiyva.
 14877 | Lair:7   | Found a staircase to the Slime Pits.
 14878 | Lair:7   | Noticed an acid blob
 15188 | Lair:8   | Entered Level 8 of the Lair of Beasts
 15823 | Lair:8   | Received a gift from Okawaru
 15823 | Lair:8   | Gained mutation: You have claws for hands. [demonic ancestry]
 15823 | Lair:8   | Reached XP level 14. HP: 88/108 MP: 20/20
 15846 | Lair:8   | Got a blackened hand axe {god gift}
 15847 | Lair:8   | Identified the +1 hand axe "Soos" {antimagic, rN+} (Okawaru gifted it to you on level 8 of the Lair of Beasts)
 16336 | Lair:8   | Reached skill level 10 in Fighting
 16942 | Lair:8   | Noticed a dire elephant
 16952 | Lair:8   | Killed a dire elephant
 16952 | Lair:8   | Received a gift from Okawaru
 17052 | Lair:8   | Found a burning altar of Makhleb.
 17183 | Lair:8   | Got a vibrating golden ring
 17185 | Lair:8   | Identified the ring "Lios" {*Contam rC++ MP+9 Dex+4} (You took it off a red devil on level 8 of the Lair of Beasts)
 17206 | Lair:8   | Gained mutation: You can spit weak poison. [mutagenic glow]
 17388 | Lair:8   | Found a gateway to Hell.
 18125 | D:9      | Noticed Psyche
 18128 | D:9      | Killed Psyche
 18702 | D:9      | Got a slimy chain mail
 18713 | D:9      | Identified the cursed +0 chain mail "Taocsoiki" {+Blink} (You took it off an orc on level 9 of the Dungeon)
 18825 | D:9      | Found a staircase to the Orcish Mines.
 18998 | D:9      | Found a basalt altar of Yredelemnul.
 18999 | D:9      | Found a bloodstained altar of Trog.
 19027 | D:9      | Reached skill level 18 in Long Blades
 19196 | D:10     | Entered Level 10 of the Dungeon
 19563 | D:10     | Noticed Josephine
 19570 | D:10     | Killed Josephine
 20992 | D:12     | Noticed a fire giant
 21216 | D:12     | Killed a fire giant
 21323 | D:12     | Gained mutation: You regenerate health from kills. [demonic ancestry]
 21323 | D:12     | Reached XP level 15. HP: 99/117 MP: 21/21
 21549 | D:12     | Lost mutation: You can spit weak poison. [potion of cure mutation]
 21647 | D:12     | Received a gift from Okawaru
 21709 | D:12     | Got a bloodstained long sword
 21710 | D:12     | Identified the +6 long sword of Peace {slice, rElec rPois rF- SInv} (You found it on level 12 of the Dungeon)
 22090 | D:13     | Reached skill level 19 in Long Blades
 22117 | D:13     | Noticed Frances
 22129 | D:13     | Killed Frances
 22614 | D:13     | Noticed Nessos
 22627 | D:13     | Killed Nessos
 22789 | D:13     | Found a gate to the Vaults.
 23401 | Orc:1    | Entered Level 1 of the Orcish Mines
 23477 | Orc:1    | Found a roughly hewn altar of Beogh.
 23757 | Orc:2    | Found Kiseniu's Assorted Antiques.
 23765 | Orc:2    | Bought a golden potion for 29 gold pieces
 23817 | Orc:2    | Found a flagged portal.
 23848 | Bailey   | Entered a bailey
 24851 | Orc:4    | Entered Level 4 of the Orcish Mines
 24912 | Orc:4    | Found a staircase to the Elven Halls.
 25200 | Orc:4    | Reached skill level 20 in Long Blades
 25216 | Orc:4    | Found Radurr's Antique Armour Shoppe.
 25269 | Orc:4    | Found a radiant altar of Vehumet.
 25270 | Orc:4    | Noticed Erolcha
 25276 | Orc:4    | Received a gift from Okawaru
 25278 | Orc:4    | Killed Erolcha
 25291 | Orc:4    | Found Oseiben's Antique Weapon Emporium.
 25311 | Orc:4    | Found an ancient bone altar of Kikubaaqudgha.
 25335 | Orc:4    | Found a roughly hewn altar of Beogh.
 25335 | Orc:4    | Found Vocoituj's Gadget Emporium.
 25335 | Orc:4    | Found Pireacex's Distillery.
 25376 | Orc:4    | Bought a potion of resistance for 110 gold pieces
 25376 | Orc:4    | Bought a potion of heal wounds for 55 gold pieces
 26181 | Shoals:1 | Entered Level 1 of the Shoals
 26195 | Shoals:1 | HP: 4/117 [drowned by a water elemental (4)]
 26195 | Shoals:1 | Slain by a water elemental

Action                   |  1- 3 |  4- 6 |  7- 9 | 10-12 | 13-15 || total
-------------------------+-------+-------+-------+-------+-------++-------
Melee: Long sword        |   122 |    99 |       |       |       ||   221
       Falchion          |       |    90 |   475 |   128 |       ||   693
       Great sword       |       |       |       |   196 |       ||   196
       Triple sword      |       |       |       |   317 |  1371 ||  1688
       Unarmed           |       |       |       |       |     1 ||     1
Throw: Throwing net      |     1 |     2 |     1 |       |       ||     4
       Tomahawk          |       |       |       |    10 |    54 ||    64
Invok: Heroism           |       |       |       |     1 |     6 ||     7
       Finesse           |       |       |       |     1 |     2 ||     3
 Abil: Spit Poison       |       |       |       |       |     1 ||     1
Evoke: Wand              |       |       |       |     4 |    10 ||    14
       Deck              |       |       |       |       |     1 ||     1
  Use: Scroll            |       |       |     8 |    15 |    10 ||    33
       Potion            |       |       |       |     4 |     5 ||     9
 Stab: Sleeping          |     1 |     1 |     2 |       |     1 ||     5
       Held in net/web   |       |     1 |       |       |       ||     1
       Distracted        |       |       |     3 |     7 |     5 ||    15
  Eat: Chunk             |     2 |     6 |     8 |     9 |    42 ||    67
       Fruit             |       |       |     1 |       |       ||     1
       Meat ration       |       |       |     1 |     1 |       ||     2
       Pizza             |       |       |     1 |     1 |     1 ||     3
       Beef jerky        |       |       |       |     1 |       ||     1
       Royal jelly       |       |       |       |       |     1 ||     1
